 Dungeon Crawl Stone Soup version 0.20-a0-623-gaf3b657 (webtiles) character file.

2514 Laan the Magician (level 9, -5/57 HPs)
             Began as a Mummy Fire Elementalist on Feb 10, 2017.
             Was a Believer of Vehumet.
             Shot with a sling bullet by Joseph (21 damage)
             ... on level 7 of the Dungeon.
             The game lasted 00:20:12 (8070 turns).

Laan the Magician (Mummy Fire Elementalist)         Turns: 8070, Time: 00:20:12

Health: -5/57      AC:  4    Str: 11    XL:     9   Next: 29%
Magic:  9/20       EV: 12    Int: 20    God:    Vehumet [**....]
Gold:   304        SH:  0    Dex: 13    Spells: 13/23 levels left

rFire    . . .     SeeInvis .   r - +4 arc blade {discharge, rElec}
rCold    . . .     Gourm    .   t - +1 robe {MR+}
rNeg     + + +     Faith    .   (no shield)
rPois    ∞         Spirit   .   (no helmet)
rElec    +         Reflect  .   k - +0 cloak
rCorr    .         Harm     .   (no gloves)
MR       ++...                  (no boots)
Stlth    ++........             u - amulet of regeneration
Regen    0.6/turn               n - ring of fire
                                f - +3 ring of intelligence

@: no status effects
A: no food or potions, fire vulnerability, cold resistance 1, negative energy
resistance 3, torment resistance, unbreathing
a: Renounce Religion


You were on level 7 of the Dungeon.
You worshipped Vehumet.
Vehumet was pleased with you.
You were not hungry.

You visited 2 branches of the dungeon, and saw 8 of its levels.

You collected 304 gold pieces.

Inventory:

Hand Weapons
 c - a +0 dagger of speed
 d - a +0 hand axe of freezing
 o - a +2 flail of protection
 r - the +4 arc blade (weapon) {discharge, rElec}
   (You found it on level 5 of the Dungeon)

   It insulates you from electricity.
Armour
 k - a +0 cloak (worn)
 t - a +1 robe of magic resistance (worn)
Jewellery
 a - an uncursed ring of fire
 f - a +3 ring of intelligence (left hand)
 n - a ring of fire (right hand)
 u - an amulet of regeneration (around neck)
Wands
 m - a wand of acid (10/15)
 w - a wand of random effects (25/48)
Scrolls
 e - a scroll of remove curse
 g - a scroll of identify
 h - a scroll of noise
 i - a scroll of amnesia
 j - a scroll of enchant weapon
 l - a scroll of random uselessness
 p - a scroll of fog {unknown}
 q - a scroll of magic mapping {unknown}
 s - a scroll of blinking {unknown}
 v - a scroll of summoning {unknown}
Books
 b - a book of Flames

   Spells                             Type                      Level
   a - Flame Tongue                   Conjuration/Fire             1
   b - Throw Flame                    Conjuration/Fire             2
   c - Conjure Flame                  Conjuration/Fire             3
   d - Inner Flame                    Hexes/Fire                   3
   e - Sticky Flame                   Conjuration/Fire             4
   f - Fireball                       Conjuration/Fire             5


   Skills:
 - Level 1.5 Dodging
 - Level 1.5 Stealth
 + Level 7.9 Spellcasting
 * Level 7.5 Conjurations
 + Level 5.8 Fire Magic


You had 13 spell levels left.
You knew the following spells:

 Your Spells              Type           Power        Failure   Level  Hunger
a - Flame Tongue          Conj/Fire      #####        1%          1    N/A
b - Sticky Flame          Conj/Fire      ######..     8%          4    N/A
c - Fireball              Conj/Fire      ######....   17%         5    N/A

Dungeon Overview and Level Annotations

Branches:
Dungeon (7/15)             Temple (1/1) D:4

Altars:
Ashenzari
Cheibriados
Dithmenos
Elyvilon
Fedhas
Gozag
Hepliaklqana
Kikubaaqudgha
Makhleb
Nemelex Xobeh
Okawaru
Qazlal
Ru
Sif Muna
Trog
Uskayaw
Vehumet
Xom
Yredelemnul
Zin
The Shining One

Annotations:
D:7 Joseph


Innate Abilities, Weirdness & Mutations

You do not eat or drink.
Your flesh is vulnerable to fire.
You are immune to poison.
Your flesh is cold resistant. (rC+)
You are immune to negative energy. (rN+++)
You are immune to unholy pain and torment.
You can survive without breathing.


Message History

Joseph wields a hunting sling.
Joseph shoots a sling bullet.
The sling bullet hits you!
Casting: Flame Tongue
Confirm with . or Enter, or press ? or * to list all spells.
Aiming: Fireball
Press: ? - help, Shift-Dir - straight line, f/p - Joseph
Aim: Joseph, wielding a hunting sling and wearing a ring mail (lightly wounded)
You feel a surge of power!
The fireball explodes!
The fireball engulfs Joseph.
Joseph is lightly wounded.
Joseph shoots a sling bullet.
The sling bullet hits you.
Joseph shoots a sling bullet.
The sling bullet barely misses you.
Joseph shoots a sling bullet.
The sling bullet barely misses you.
You see here a sling bullet.
Joseph shoots a sling bullet.
The sling bullet hits you!!
You see here a sling bullet.
Joseph shoots a sling bullet.
The sling bullet hits you!
* * * LOW HITPOINT WARNING * * *
You see here a sling bullet.
Joseph shoots a sling bullet.
The sling bullet hits you!!
You die...

#....##.# #.).@.#.##...##
######)#.....##..... #
####....()....####...# .#
.....................##.#
.......#................
....##.#.(............#
... #.#...#(.#.......# ..
#..)..#..((@..<..#
##...............#
#.......#.....###
#.............##
#....##.#......#
...###..[..#........#
#....†..[...#.###..#
#.###..####[....#..#
.....#......#.#..#


You could see Joseph.

Vanquished Creatures
  A komodo dragon (D:7)
  A vampire (D:6)
  2 hungry ghosts
  An ice beast (D:6)
  A sky beast (D:6)
  A phantom (D:4)
  3 ogres
  A bullfrog (D:6)
  8 killer bees
  4 wights (D:7)
  2 hounds
  5 orc priests
  A jelly (D:6)
  6 orc wizards
  A centaur skeleton (D:4)
  An iguana (D:7)
  A worker ant (D:7)
  A hound zombie (D:5)
  4 adders
  4 gnolls
  2 shadow imps (D:6)
  An ooze (D:1)
  3 adder skeletons
  2 worms
  5 dart slugs
  4 leopard geckos
  18 orcs
  A ball python (D:2)
  7 bats
  2 giant cockroaches
  5 hobgoblins
  8 jackals
  3 quokkas (D:2)
  8 frilled lizards
  12 goblins
  11 kobolds
  A quokka skeleton (D:6)
  A quokka zombie (D:5)
  10 rats
153 creatures vanquished.

Notes
Turn   | Place    | Note
-------+----------+-------------------------------------------
     0 | D:1      | Laan the Mummy Fire Elementalist began the quest for the Orb.
     0 | D:1      | Reached XP level 1. HP: 13/13 MP: 4/4
    28 | D:1      | Reached skill level 1 in Conjurations
   363 | D:1      | Reached XP level 2. HP: 19/19 MP: 3/5
   921 | D:1      | Reached XP level 3. HP: 24/24 MP: 3/7
  2210 | D:2      | Found a shadowy altar of Dithmenos.
  2517 | D:2      | Reached XP level 4. HP: 30/30 MP: 6/9
  3634 | D:4      | Noticed a phantom
  3653 | D:4      | Killed a phantom
  3653 | D:4      | Reached XP level 5. HP: 24/35 MP: 0/11
  3788 | D:4      | You fall through a shaft for 2 floors!
  3828 | D:6      | Noticed a hungry ghost
  3979 | D:6      | Reached XP level 6. HP: 37/41 MP: 4/12
  4123 | D:6      | Noticed a sky beast
  4130 | D:6      | Learned a level 4 spell: Sticky Flame
  4134 | D:6      | Killed a sky beast
  4315 | D:5      | Entered Level 5 of the Dungeon
  4581 | D:4      | Reached skill level 5 in Spellcasting
  4785 | D:4      | Found a staircase to the Ecumenical Temple.
  4792 | D:4      | Reached XP level 7. HP: 46/46 MP: 7/14
  4903 | Temple   | Entered the Ecumenical Temple
  5091 | D:4      | Found an ancient bone altar of Kikubaaqudgha.
  5092 | D:4      | Found a radiant altar of Vehumet.
  5092 | D:4      | Found a hide-covered altar of Uskayaw.
  5100 | D:4      | Became a worshipper of Vehumet
  5454 | D:5      | Learned a level 5 spell: Fireball
  5871 | D:5      | Found a shattered altar of Ashenzari.
  5903 | D:5      | Reached skill level 5 in Conjurations
  6195 | D:5      | Noticed a hungry ghost
  6202 | D:5      | Killed a hungry ghost
  6523 | D:5      | Reached XP level 8. HP: 37/52 MP: 11/17
  7038 | D:6      | Reached * piety under Vehumet
  7038 | D:6      | Offered knowledge of Shock by Vehumet.
  7214 | D:6      | Reached skill level 5 in Fire Magic
  7560 | D:7      | Noticed a komodo dragon
  7611 | D:7      | Killed a komodo dragon
  7724 | D:7      | Reached XP level 9. HP: 57/57 MP: 14/20
  7904 | D:6      | Offered knowledge of Freeze by Vehumet.
  8055 | D:7      | Reached ** piety under Vehumet
  8060 | D:7      | Noticed Joseph
  8070 | D:7      | Shot with a sling bullet by Joseph

Vault maps used:
D:1:      dpeg_arrival_another_circle, roderic_lattice_a, glass_columns_b,
          minmay_misc_feat_roman, minmay_pentomino_u2
D:2:      first_bread, kennysheep_nub, serial_park_tiny_2, grunt_dithmenos_smoke
D:3:      hangedman_abyss_or_decor_lesser_grid
D:4:      grunt_temple_overflow_open, minmay_temple_entry_junction
D:5:      ashenzari_altar_1
D:6:      kennysheep_generic_room_10
D:7:      basic_altar, uniq_joseph
Temple:   minmay_crystal_spiral_temple

Skill      XL: |  1  2  3  4  5  6  7  8  9 |
---------------+----------------------------+-----
Conjurations   | 1 2 3 4 5 6 7 |  7.5
Spellcasting   | 3 4 5 6 7 |  7.9
Fire Magic     | 3 4 5 |  5.8
Dodging        | |  1.5
Stealth        | |  1.5

Action                   |  1- 3 |  4- 6 |  7- 9 || total
-------------------------+-------+-------+-------++-------
Melee: Short sword       |     2 |       |       ||     2
       Hand axe          |    13 |       |       ||    13
       Rapier            |       |       |     3 ||     3
 Cast: Flame Tongue      |    85 |    86 |   152 ||   323
       Sticky Flame      |       |     3 |    18 ||    21
       Fireball          |       |       |     2 ||     2
Evoke: Wand              |       |     1 |       ||     1
  Use: Scroll            |       |       |     8 ||     8
Armor: Robe              |    10 |     3 |    12 ||    25
Dodge: Dodged            |    39 |    22 |    47 ||   108
